 Dungeon Crawl Stone Soup version 0.31-a0-795-g5eb97db20b (webtiles) character file.

Game seed: 11572565163833395892

6689 Newt the Carver (level 10, -1/88 HPs)
             Began as a Black Draconian Fighter on Sept 18, 2023.
             Was a Believer of Makhleb.
             Killed from afar by a gargoyle (16 damage)
             ... with a stone arrow
             ... on level 10 of the Dungeon.
             The game lasted 00:11:16 (10979 turns).

Newt the Carver (Black Draconian Fighter)          Turns: 10979, Time: 00:11:16

Health: -1/88      AC: 10    Str: 20    XL:     10   Next: 73%
Magic:  13/13      EV: 14    Int:  9    God:    Makhleb [**....]
Gold:   401        SH:  8    Dex: 19    Spells: 13/13 levels left

rFire   . . .        a - +1 long sword (vamp)
rCold   x . .        G - +2 buckler
rNeg    . . .        (body armour unavailable)
rPois   .            (helmet restricted)
rElec   +            k - +1 cloak
rCorr   .            f - +0 pair of gloves
SInv    .            (no boots)
Will    +....        J - amulet of Ufest {Faith rElec rC- Will+}
Stlth   +++          m - +6 ring of dexterity
HPRegen 0.34/turn    (no ring)
MPRegen 0.13/turn

%: faith
@: no status effects
A: breathe lightning, AC +7, unfitting armour, electricity resistance,
cold-blooded
a: Breathe Lightning, Renounce Religion, Minor Destruction


You were on level 10 of the Dungeon.
You worshipped Makhleb.
Makhleb was pleased with you.
You visited 2 branches of the dungeon, and saw 11 of its levels.
You also visited: Ossuary.

You collected 533 gold pieces.
You spent 132 gold pieces at shops.

Inventory:

Hand Weapons
 a - a +1 vampiric long sword (weapon)
 b - a +0 double sword of holy wrath
 B - a +0 falchion of holy wrath
 F - a +2 long sword
Missiles
 o - 5 boomerangs
Armour
 f - a +0 pair of gloves (worn)
 k - a +1 cloak (worn)
 s - a +0 kite shield
 E - a +0 buckler
 G - a +2 buckler (worn)
Jewellery
 e - an amulet of faith
 m - a +6 ring of dexterity (left hand)
 J - the amulet of Ufest (around neck) {Faith rElec rC- Will+}
   (You found it on level 9 of the Dungeon)

   [amulet of faith]

   Faith:     It allows you to gain divine favour quickly.
   rC-:       It makes you vulnerable to cold.
   rElec:     It insulates you from electricity.
   Will+:     It increases your willpower.
Wands
 t - a wand of light (13)
 H - a wand of charming (8)
 K - a wand of polymorph (4)
 L - a wand of roots (2)
Scrolls
 d - a scroll of brand weapon
 g - 2 scrolls of teleportation
 p - a scroll of summoning
 q - 2 scrolls of fog
 r - a scroll of vulnerability
 u - 3 scrolls of enchant armour
 y - 6 scrolls of noise
 A - 2 scrolls of immolation
 D - 2 scrolls of identify
 I - a scroll of blinking
Potions
 c - a potion of might
 h - a potion of haste
 i - 6 potions of curing
 j - 5 potions of attraction
 l - 3 potions of mutation
 n - a potion of enlightenment
 v - a potion of brilliance
 w - a potion of berserk rage
 x - a potion of lignification
 z - 9 potions of degeneration
 C - a potion of invisibility


   Skills:
 - Level 8.0 Fighting
 - Level 9.0 Long Blades
 - Level 5.0 Dodging
 - Level 6.0 Stealth
 - Level 6.0 Shields
 + Level 2.4 Spellcasting
 + Level 2.4 Hexes
 + Level 3.3 Air Magic
 - Level 6.1 Evocations


You had 13 spell levels left.
You didn't know any spells.
Your spell library contained the following spells:

 Spells                   Type           Power      Damage    Failure   Level
 Poisonous Vapours        Pois/Air       8%         N/A       28%         2
 Sting                    Tmut/Pois      4%         1d3       36%         1
 Sigil of Binding         Hex            5%         N/A       38%         3
 Call Canine Familiar     Summ           1%         N/A       75%         3
 Dimensional Bullseye     Hex/Tloc       1%         N/A       92%         4
 Leda's Liquefaction      Hex/Erth       1%         N/A       92%         4
 Silence                  Hex/Air        3%         N/A       97%         5
 Olgreb's Toxic Radiance  Pois           1%         N/A       98%         4
 Passage of Golubria      Tloc           1%         N/A       98%         4
 Malign Gateway           Summ/Tloc      0%         N/A       100%        7
 Lehudib's Crystal Spear  Conj/Erth      0%         10d2      100%        8
 Summon Horrible Things   Summ           0%         N/A       100%        8


Dungeon Overview and Level Annotations

Branches:
Dungeon (10/15)            Temple (1/1) D:6            Lair (0/5) D:9
Ossuary (visited)
    Orc: D:9-12

Altars:
Ashenzari
Cheibriados
Dithmenos
Elyvilon
Fedhas
Gozag
Hepliaklqana
Makhleb
Nemelex Xobeh
Okawaru
Qazlal
Ru
Sif Muna
Trog
Uskayaw
Vehumet
Wu Jian
Xom
Yredelemnul
Zin
The Shining One

Shops:
D:6 !

Portals:
Bailey: D:10


Innate Abilities, Weirdness & Mutations

You can breathe wild blasts of lightning.
Your glossy black scales are hard. (AC +7)
You cannot fit into any form of body armour.
You are resistant to electric shocks. (rElec)
You are cold-blooded and may be slowed by cold attacks.


Message History

The bolt of light hits the gargoyle!
The gargoyle is heavily damaged.
The gargoyle is blinded.
The gargoyle hurls a stone arrow at you.
The stone arrow hits you!
* * * LOW HITPOINT WARNING * * *
Unknown command.
You feel better.
The gargoyle hurls a stone arrow at you.
The stone arrow misses you.
You feel better.
The gargoyle hits you but does no damage.
You slash the gargoyle!
You tail-slap the gargoyle, but do no damage.
The gargoyle is almost destroyed.
The gargoyle hurls a stone arrow at you.
The stone arrow misses you.
You barely miss the gargoyle. You tail-slap the gargoyle.
The gargoyle is almost destroyed.
The gargoyle hurls a stone arrow at you.
The stone arrow hits you!
* * * LOW HITPOINT WARNING * * *
Unknown command.
You feel better.
The gargoyle hurls a stone arrow at you.
The stone arrow hits you!
* * * LOW HITPOINT WARNING * * *
Unknown command.
You feel better.
The gargoyle hurls a stone arrow at you.
The stone arrow misses you.
Unknown command.
The gargoyle closely misses you.
You see here a +0 spear.
Unknown command.
You hit the gargoyle but do no damage.
Your tail-slap misses the gargoyle.
The gargoyle is almost destroyed.
The gargoyle hurls a stone arrow at you.
The stone arrow hits you!
You die...

**,,,*,*,*,,,*,*,**,,,,,,,,,,* *
,,,,,,,*******,*,,,,,,,,,,,,,* *
,,,,,,,,,,,,,,,,,*,,,,,,,,,,,*
,,,*******+**,,,,,,,,,,,,,,,,*
,,,* *,**,~~~~~~~.##*+**** ,,,*
*,,*,~#####~..,,,* ,***
****+*,~#...#~.+#### ,*
*,,..,,~#.∩.#~.....# **
*,,....~#@))#≈.....# ***
*,,<...~##9##≈.....# * ,,*
****,,....~~~~≈≈~.....# * ,,*
*,,+,,................# * ,,*
*,**,,....####........# *** ,,*
*,**,,...,***#........# *,+
,,***,**,,..,,+,,#........#****,*
,,**,,**,,.,,,**,+...$....#,,,,,*
,,+,,************#.....[..+,*****


You could see a gargoyle (blind).

Vanquished Creatures
  A two-headed ogre (D:7)
  Pikel (D:6)
  An ugly thing (D:7)
  A gargoyle (D:7)
  A komodo dragon (D:9)
  An unseen horror (D:7)
  A troll (D:9)
  Grinder (D:4)
  Sigmund (D:4)
  A wyvern (D:8)
  A steam dragon (D:8)
  A water moccasin (D:7)
  Edmund (D:4)
  An acid dragon (D:8)
  A sky beast (D:7)
  3 black bears
  5 ice beasts
  An ogre (D:5)
  2 centaurs
  2 kobold brigands
  A bullfrog (D:4)
  2 gnoll sergeants
  4 scorpions
  7 wights
  14 killer bees
  A howler monkey (D:5)
  A centaur zombie (Ossuary)
  A hound (D:5)
  4 jellies
  2 orc priests
  4 iguanas
  A sleepcap (D:7)
  An orc wizard (D:5)
  4 mummies (Ossuary)
  8 gnolls
  4 adders
  An ufetubus (D:7)
  A worm zombie (D:7)
  2 worms
  11 orcs
  5 bats
  4 endoplasms
  5 giant cockroaches
  11 goblins
  8 hobgoblins
  6 jackals
  5 quokkas
  4 ball pythons
  6 frilled lizards
  3 gnoll zombies
  2 hobgoblin zombies (Ossuary)
  14 kobolds
  A kobold zombie (Ossuary)
  2 orc zombies (Ossuary)
  5 rats
183 creatures vanquished.

Vanquished Creatures (others)
  A kobold (D:7)
1 creature vanquished.

Grand Total: 184 creatures vanquished

Notes
Turn   | Place    | Note
-------+----------+-------------------------------------------
     0 | D:1      | Newt the Draconian Fighter began the quest for the Orb.
     0 | D:1      | Reached XP level 1. HP: 19/19 MP: 1/1
    72 | D:1      | Reached XP level 2. HP: 22/27 MP: 2/2
   577 | D:1      | Found a faded altar of an unknown god.
   770 | D:2      | Reached XP level 3. HP: 29/33 MP: 3/3
   771 | D:2      | Reached skill level 3 in Long Blades
  1354 | D:3      | You fall into a shaft and drop 2 floors!
  1354 | D:5      | Entered Level 5 of the Dungeon
  1541 | D:3      | Reached XP level 4. HP: 40/40 MP: 4/4
  1694 | D:3      | Reached skill level 4 in Long Blades
  1748 | D:3      | Noticed a black bear
  1762 | D:3      | Killed a black bear
  1763 | D:3      | Reached skill level 5 in Long Blades
  1763 | D:3      | Reached XP level 5. HP: 25/46 MP: 5/5
  2237 | D:4      | Noticed Edmund
  2249 | D:4      | Killed Edmund
  2250 | D:4      | Reached XP level 6. HP: 52/52 MP: 6/6
  2562 | D:4      | Found a bloodstained altar of Trog.
  2575 | D:4      | Noticed Sigmund
  2595 | D:4      | Killed Sigmund
  2596 | D:4      | Reached skill level 5 in Dodging
  2740 | D:4      | Noticed Grinder
  2755 | D:4      | Killed Grinder
  2756 | D:4      | Reached skill level 5 in Fighting
  2756 | D:4      | Your scales start taking on a glossy black colour.
  2756 | D:4      | Reached XP level 7. HP: 35/62 MP: 7/7
  2756 | D:4      | Gained mutation: You are resistant to electric shocks.
                  | (rElec) [Black Draconian growth]
  3347 | D:5      | Reached XP level 8. HP: 64/74 MP: 8/8
  3854 | D:6      | Found a staircase to the Ecumenical Temple.
  3923 | D:6      | Reached skill level 6 in Long Blades
  4320 | D:6      | Noticed Pikel
  4346 | D:6      | Killed Pikel
  4347 | D:6      | Reached skill level 8 in Long Blades
  4605 | D:6      | Reached XP level 9. HP: 81/81 MP: 9/9
  4617 | D:6      | Reached skill level 9 in Long Blades
  4778 | D:6      | Found Baqa's Distillery.
  4782 | D:6      | Bought a potion of brilliance for 44 gold pieces
  4782 | D:6      | Bought a potion of berserk rage for 55 gold pieces
  4782 | D:6      | Bought a potion of lignification for 33 gold pieces
  4960 | Temple   | Entered the Ecumenical Temple
  4980 | Temple   | Became a worshipper of Makhleb the Destroyer
  5030 | D:7      | Found a sand-covered staircase.
  5045 | Ossuary  | Entered an ossuary
  5210 | Ossuary  | Reached skill level 1 in Evocations
  5254 | Ossuary  | Reached skill level 1 in Stealth
  5418 | D:6      | Found a shimmering altar of Xom.
  5418 | D:6      | Found a shimmering blue altar of Sif Muna.
  5421 | D:6      | Reached * piety under Makhleb
  6396 | D:7      | Noticed a two-headed ogre
  6406 | D:7      | Killed a two-headed ogre
  6407 | D:7      | Reached skill level 5 in Stealth
  6407 | D:7      | Reached skill level 5 in Evocations
  6457 | D:7      | Noticed a red ugly thing
  6473 | D:7      | Killed a red ugly thing
  6595 | D:7      | Noticed a gargoyle
  6600 | D:7      | Killed a gargoyle
  6601 | D:7      | Reached XP level 10. HP: 32/88 MP: 10/10
  7294 | D:7      | Found a snail-covered altar of Cheibriados.
  7321 | D:7      | Found a hazy altar of Hepliaklqana.
  8018 | D:8      | Reached ** piety under Makhleb
  8217 | D:8      | Reached skill level 5 in Shields
  9368 | D:9      | Reached skill level 1 in Air Magic
  9519 | D:9      | Found a blossoming altar of Fedhas.
  9560 | D:9      | Reached skill level 1 in Spellcasting
  9560 | D:9      | Reached skill level 1 in Hexes
  9576 | D:9      | Identified a scroll of acquirement
  9576 | D:9      | Acquired a +0 double sword of holy wrath
  9599 | D:9      | Found an iron altar of Okawaru.
  9859 | D:9      | Identified the amulet of Ufest {Faith rElec rC- Will+}
 10713 | D:9      | Found a staircase to the Lair.
 10942 | D:10     | Entered Level 10 of the Dungeon
 10944 | D:10     | Noticed a gargoyle
 10944 | D:10     | Found an ornate altar of the Wu Jian Council.
 10953 | D:10     | Found a flagged portal.
 10956 | D:10     | Noticed a gargoyle
 10976 | D:10     | HP: 4/88 [gargoyle/stone arrow (16)]
 10979 | D:10     | Killed from afar by a gargoyle

Illustrated notes

Levels and vault maps discovered:
D:1:      wheals_arrival_shading, layout_loops_cross, basic_ecumenical_altar,
          glass_columns_b
D:2:      layout_rooms, serial_glass, glass_columns_a, glass_columns_a
D:3:      layout_basic
D:4:      layout_loops_corners, lemuel_round_altar,
          chequers_serial_rivers_room_a, uniq_sigmund, uniq_grinder, uniq_edmund
D:5:      layout_rooms
D:6:      layout_cave_pods, nicolae_overflow_hidden_temple,
          minmay_temple_entry_ruins, serial_shops, nicolae_shop_back_alley_shop,
          minivault_23, uniq_pikel
D:7:      layout_cave_pools, cheibrodos_worm_habitat,
          mainiacjoe_overflow_surrounded_room, enter_ossuary_3, kb_rosetta
D:8:      layout_gridville, nicolae_eternal_life
D:9:      layout_basic, kennysheep_little_box, okawaru_gym_becter,
          david_lair_shrubbed
D:10:     layout_roguey, lemuel_coloured_pillars_altar,
          kiku_gazebo_garden_becter, enter_bailey_3, hangedman_decor_lopped
Temple:   nicolae_temple_god_jail

Skill      XL: |  1  2  3  4  5  6  7  8  9 10 |
---------------+-------------------------------+-----
Fighting       | 4 5 7 8 |  8.0
Long Blades    | 3 5 8 9 |  9.0
Dodging        | 3 4 5 |  5.0
Evocations     | 5 6 |  6.1
Stealth        | 5 6 |  6.0
Shields        | 6 |  6.0
Air Magic      | 3 |  3.3
Spellcasting   | 2 |  2.4
Hexes          | 2 |  2.4

Action                     |  1- 3 |  4- 6 |  7- 9 | 10-12 || total
---------------------------+-------+-------+-------+-------++-------
  Melee: Long sword        |   149 |    78 |   305 |   207 ||   739
         Tailslap          |    13 |    11 |    63 |    37 ||   124
         Double sword      |       |       |       |    50 ||    50
         Falchion          |       |       |       |    27 ||    27
  Throw: Throwing net      |       |       |       |     1 ||     1
Ability: Breathe Lightning |       |       |     4 |     2 ||     6
  Evoke: Wand              |       |       |     1 |     2 ||     3
    Use: Scroll            |     6 |       |     9 |     5 ||    20
         Potion            |       |     1 |     1 |     4 ||     6
   Stab: Sleeping          |       |     1 |     3 |     1 ||     5
         Distracted        |       |     1 |       |       ||     1
         Invisible         |       |       |     4 |       ||     4
         Held in net/web   |       |       |       |     1 ||     1
 Armour: Skin              |    85 |    49 |   212 |   238 ||   584
  Dodge: Dodged            |   121 |    58 |   157 |   195 ||   531
  Block: Buckler           |    35 |    27 |     6 |    59 ||   127
         Kite shield       |       |       |   128 |   117 ||   245

Table legend: (Time is in decaauts)
 A = Elapsed time spent in this place.
 B = Non-inter-level travel time spent in this place.
 C = Inter-level travel time spent in this place.
 D = Time resting spent in this place.
 E = Time spent auto-exploring this place.
 F = Levels seen in this place.
 G = Mean time per level.
                   A        B        C        D        E       F      G
               +--------+--------+--------+--------+--------+-----+--------+
         Total |  11091 |  10608 |    483 |   2982 |   5804 |  12 |  924.2 |
       Dungeon |  10745 |  10300 |    445 |   2982 |   5617 |  10 | 1074.5 |
        Temple |     38 |      1 |     37 |      0 |      0 |   1 |   38.0 |
       Ossuary |    307 |    307 |      0 |      0 |    187 |   1 |  307.0 |
               +--------+--------+--------+--------+--------+-----+--------+

Top non-repeatable levels by time:
     D:7: 2243 daAuts
     D:8: 1742 daAuts
     D:6: 1510 daAuts
     D:9: 1304 daAuts
     D:4: 1154 daAuts
     D:3: 884 daAuts
     D:1: 724 daAuts
     D:5: 637 daAuts
     D:2: 506 daAuts
 Ossuary: 307 daAuts
  Temple: 38 daAuts
    D:10: 37 daAuts
